AoeStats
← Cinnamoroll

Arena

506478018Analyzed
4v4 RM · 19d ago on Sep 13, 2026· 72m 45s· 8 players
Game mode
Random Map
Map size
Large (8 player)
Population
200
Speed
Normal
Resources
Standard
Victory
Conquest
Starting age
Dark Age
Ending age
Imperial Age
RankedLock teamsTeams togetherTeam positionsShared explorationLock speedFull tech treeHidden civsTurbo modeCheats
Victory
Defeat
🇭🇺 Bohemians · Hungary
1656
+12
🇭🇺 Teutons · Hungary
1595
+14
🇭🇺 Burgundians · Hungary
1574
+15
🇭🇺 Britons · Hungary
1502
+17
🇲🇽 Gurjaras · Mexico
1562
-15
🇺🇸 Bohemians · United States
1560
-15
🇩🇪 Franks · Germany
1546
-14
🇨🇦 Spanish · Canada
1542
-14
SimmaHem7912
10:14 Feudal Age
13:55 Castle Age
11:51 Double-Bit Axe
12:11 Horse Collar
16:30 Heavy Plow
17:55 Bow Saw
19:28 Wheelbarrow
21:59 Loom
23:43 Hand Cart
24:20 Gold Mining
24:33 Padded Archer Armor
25:36 Gold Shaft Mining
24:57 Stone Mining
28:44 Imperial Age
26:12 Fletching
27:08 Bodkin Arrow
27:30 Leather Archer Armor
28:09 Stone Shaft Mining
28:37 Ballistics
27:59 Treadmill Crane
28:30 Masonry
29:22 Kshatriyas
28:48 Elite Elephant Archer
30:21 Thumb Ring
30:24 Bracer
31:41 Conscription
32:25 Chemistry
34:15 Scale Barding Armor
34:21 Forging
35:00 Coinage
36:49 Bloodlines
36:40 Husbandry
39:54 Scale Mail Armor
39:53 Elite Chakram Thrower
41:40 Hoardings
44:30 Iron Casting
44:11 Chain Mail Armor
44:24 Caravan
45:31 Herbal Medicine
46:25 Siege Elephant
49:34 Chain Barding Armor
48:39 Light Cavalry
50:20 Elite Skirmisher
52:00 Plate Mail Armor
53:12 Crop Rotation
56:06 Plate Barding Armor
65:21 Elite Shrivamsha Rider
69:40 Architecture
Cinnamoroll
11:36 Feudal Age
15:07 Castle Age
12:54 Horse Collar
17:04 Double-Bit Axe
19:59 Loom
20:54 Wheelbarrow
20:04 Town Watch
27:18 Imperial Age
27:31 Imperial Age
26:06 Heavy Plow
26:22 Bow Saw
26:52 Stone Mining
27:03 Gold Mining
28:36 Fletching
30:24 Bodkin Arrow
31:27 Padded Archer Armor
31:15 Elite Skirmisher
33:01 Ballistics
34:25 Leather Archer Armor
34:44 Bracer
36:07 Chemistry
37:18 Ring Archer Armor
39:24 Hand Cart
39:35 Bloodlines
39:25 Husbandry
41:09 Conscription
41:57 Caravan
42:18 Elite Conquistador
48:06 Two-Man Saw
52:34 Capped Ram
55:54 Supremacy
62:16 Thumb Ring
67:06 Siege Ram
68:48 Scale Barding Armor
68:54 Forging
72:17 Chain Barding Armor
machpatel
9:47 Feudal Age
13:34 Castle Age
12:21 Loom
17:51 Fervor
17:54 Double-Bit Axe
24:01 Fortified Wall
25:17 Crossbowman
28:23 Fletching
37:37 Wheelbarrow
37:19 Bodkin Arrow
39:23 Padded Archer Armor
39:58 Horse Collar
41:32 Chemistry
40:59 Leather Archer Armor
41:08 Hand Cart
41:44 Bow Saw
47:56 Imperial Age
50:35 Conscription
51:41 Caravan
53:42 Two-Man Saw
52:43 Heavy Plow
52:14 Elite Skirmisher
54:45 Guard Tower
54:41 Arrowslits
54:38 Treadmill Crane
55:08 Masonry
57:28 Bracer
57:59 Ring Archer Armor
58:00 Scale Mail Armor
58:11 Forging
59:15 Squires
59:28 Pikeman
65:37 Man-at-Arms
69:15 Arbalester
VeryNiceToMeetYou
10:32 Feudal Age
11:38 Double-Bit Axe
14:07 Castle Age
15:16 Bow Saw
21:36 Wheelbarrow
21:09 Gold Mining
24:52 Hand Cart
27:09 Imperial Age
25:15 Scale Barding Armor
26:19 Husbandry
26:32 Forging
27:30 Gold Shaft Mining
27:01 Stone Mining
26:59 Loom
27:18 Cavalier
28:23 Chain Barding Armor
28:40 Paladin
30:12 Iron Casting
31:03 Plate Barding Armor
33:21 Blast Furnace
38:24 Caravan
41:13 Fletching
42:32 Bodkin Arrow
42:49 Masonry
43:00 Ballistics
43:17 Hoardings
43:03 Conscription
46:24 Light Cavalry
51:41 Scale Mail Armor
53:29 #83
53:26 Chain Mail Armor
53:13 Squires
55:20 Elite Throwing Axeman
63:27 Plate Mail Armor
67:15 Coinage
68:12 Arson
69:38 Banking
[JA]peppsi96
10:35 Feudal Age
15:10 Castle Age
13:19 Horse Collar
13:46 Double-Bit Axe
14:49 Fletching
21:23 Bow Saw
25:37 Wheelbarrow
24:47 Loom
29:10 Imperial Age
27:32 Bodkin Arrow
27:38 Padded Archer Armor
28:03 Hand Cart
28:20 Gold Mining
29:23 Ballistics
29:50 Masonry
32:09 Bracer
32:25 Leather Archer Armor
33:04 Gold Shaft Mining
35:25 Ring Archer Armor
35:57 Chemistry
35:53 Crossbowman
36:49 Fortified Wall
40:55 Heavy Plow
41:56 Two-Man Saw
40:58 Arbalester
44:22 Forging
49:44 Coinage
49:15 Caravan
[JA] Salytmacska
8:25 Feudal Age
7:25 Double-Bit Axe
7:21 Horse Collar
9:18 Bow Saw
9:09 Heavy Plow
13:27 Wheelbarrow
17:29 Castle Age
16:31 Forging
16:40 Scale Barding Armor
19:25 Two-Man Saw
18:20 Light Cavalry
22:36 Loom
22:39 Town Watch
23:45 Hand Cart
26:32 Pikeman
29:45 Imperial Age
28:17 Stone Mining
28:17 Gold Mining
28:40 Squires
28:48 Scale Mail Armor
29:59 Chain Mail Armor
30:03 Halberdier
31:14 Plate Mail Armor
30:55 Forging
32:59 Chain Barding Armor
33:23 Capped Ram
35:24 Iron Casting
36:14 Plate Barding Armor
36:11 Conscription
39:34 Blast Furnace
38:04 Elite Coustillier
40:20 Fletching
40:46 Caravan
45:26 Chemistry
49:43 Guilds
50:07 Burgundian Vineyards
52:47 Hussar
53:28 Husbandry
[JA]Xerxes
10:22 Feudal Age
14:02 Castle Age
12:21 Double-Bit Axe
12:28 Horse Collar
14:14 Loom
16:22 Fervor
18:18 Chemistry
22:59 Wheelbarrow
24:53 Town Watch
25:47 Bow Saw
25:48 Padded Archer Armor
31:58 Imperial Age
30:41 Hand Cart
31:39 Squires
31:40 Scale Mail Armor
32:40 Chain Mail Armor
32:37 Forging
31:48 Pikeman
32:25 Halberdier
34:31 Plate Mail Armor
34:17 Fletching
35:02 Iron Casting
36:43 Masonry
40:42 Caravan
41:12 Houfnice
42:22 Siege Engineers
42:43 Ballistics
45:35 Architecture
45:19 Heavy Plow
53:02 Treadmill Crane
53:44 Conscription
53:29 Bodkin Arrow
57:44 Blast Furnace
56:57 Fortified Wall
67:04 Murder Holes
[JA]SchleK SobeR
11:02 Feudal Age
11:34 Double-Bit Axe
14:42 Castle Age
12:37 Horse Collar
15:38 Bow Saw
15:59 Heavy Plow
16:22 Town Watch
20:44 Wheelbarrow
20:42 Gold Mining
22:21 Bloodlines
22:01 Loom
22:27 Scale Barding Armor
23:35 Hand Cart
24:38 Forging
25:46 Chain Barding Armor
25:44 Stone Mining
31:17 Imperial Age
28:59 Scale Mail Armor
29:22 Ballistics
30:02 Chain Mail Armor
32:04 Iron Casting
32:21 Stone Shaft Mining
31:21 Pikeman
32:01 Squires
32:37 Plate Mail Armor
33:09 Chemistry
32:53 Conscription
32:02 Onager
32:07 Halberdier
33:50 Blast Furnace
33:42 Crenellations
34:43 Two-Man Saw
35:05 Siege Onager
35:59 Fletching
36:52 Bodkin Arrow
37:10 Masonry
39:26 Plate Barding Armor
40:10 Ironclad
40:06 Arson
40:44 Gambesons
41:52 Hoardings
42:15 Coinage
43:23 Siege Engineers
44:48 Caravan
45:19 Banking
45:27 Padded Archer Armor
45:52 Fortified Wall
48:21 Crop Rotation
49:58 Guilds
49:33 Man-at-Arms
52:38 Leather Archer Armor
54:49 Bombard Tower
56:26 Ring Archer Armor
57:55 Arrowslits
60:08 Long Swordsman
60:54 Cavalier
63:27 Heavy Scorpion
63:54 Capped Ram
68:17 Paladin
68:56 Guard Tower
73:26 Keep
Connection lost

Rejoining the realm…

Still unreachable

The connection could not be restored.

Session expired

The server has moved on; the page needs a fresh start.